 Dungeon Crawl Stone Soup version 0.29-a0-397-g846e4a0bbc (webtiles) character file.

Game seed: 8243480761312838455

65 jlumianski the Skirmisher (level 3, -6/29 HPs)
             Began as a Demonspawn Fighter on May 12, 2022.
             Mangled by a gnoll
             ... wielding a +0 halberd
              (9 damage)
             ... on level 2 of the Dungeon.
             The game lasted 00:03:44 (1063 turns).

jlumianski the Skirmisher (Demonspawn Fighter)      Turns: 1063, Time: 00:03:46

Health: -6/29      AC:  6    Str: 16    XL:     3   Next: 92%
Magic:  3/3        EV:  8    Int:  9    God:
Gold:   32         SH:  9    Dex: 14    Spells: 2/2 levels left

rFire   . . .      SeeInvis .   a - +0 war axe
rCold   . . .      Faith    .   c - +0 buckler
rNeg    . . .      Spirit   .   b - +0 scale mail
rPois   .          Reflect  .   (no helmet)
rElec   .          Harm     .   (no cloak)
rCorr   .          Rampage  .   (no gloves)
Will    .....                   (no boots)
Stlth   ..........              (no amulet)
HPRegen 0.09/turn               (no ring)
MPRegen 0.08/turn               (no ring)

@: no status effects
A: condensation shield, demonic touch 1
a: no special abilities


You were on level 2 of the Dungeon.
You visited 1 branch of the dungeon, and saw 2 of its levels.

You collected 32 gold pieces.

Inventory:

Hand Weapons
 a - a +0 war axe (weapon)
Missiles
 f - 56 stones (quivered)
Armour
 b - a +0 scale mail (worn)
 c - a +0 buckler (worn)
Jewellery
 g - a ring of wizardry
Scrolls
 h - 2 scrolls of identify {unknown}
 j - a scroll of blinking {unknown}
 m - a scroll of silence {unknown}
Potions
 d - a potion of might
 e - a potion of curing {unknown}
 i - a potion of invisibility {unknown}
 k - a potion of attraction {unknown}
 l - a potion of mutation {unknown}


   Skills:
 + Level 3.6 Fighting
 + Level 2.2 Axes
 + Level 3.3 Armour
 + Level 3.1 Shields


You had 2 spell levels left.
You didn't know any spells.
Your spell library contained the following spells:

 Spells                   Type           Power      Damage    Failure   Level
 Beastly Appendage        Tmut           0%         N/A       88%         1
 Wereblood                Tmut           0%         N/A       96%         2
 Spider Form              Tmut/Pois      0%         N/A       99%         3


Dungeon Overview and Level Annotations

Branches:
Dungeon (2/15)

Altars:


Innate Abilities, Weirdness & Mutations

A meltable shield of frost defends you. (SH +4)
Your touch may inflict minor irresistible damage on your foes.


Message History

You barely miss the goblin.
The goblin is severely wounded.
You completely miss the gnoll. The goblin barely misses you.
The gnoll closely misses you.
You hit the goblin.
You kill the goblin!
You hit the gnoll. You closely miss the gnoll. The gnoll closely misses you.
The gnoll misses you. You block the gnoll's attack.
You block the gnoll's attack. The gnoll barely misses you.
Things that are here:
a +0 dagger; a +0 leather armour; a goblin corpse The gnoll hits you with a +0 flail.
The gnoll attacks as you move away! The gnoll hits you but does no damage.
The gnoll attacks as you move away! The gnoll completely misses you.
You barely miss the gnoll.
The gnoll is moderately wounded.
The gnoll hits you with a +0 flail. You block the gnoll's attack.
You hit the gnoll but do no damage.
The gnoll is moderately wounded.
The gnoll barely misses you.
You hit the gnoll.
The gnoll is severely wounded.
The gnoll barely misses you. You block the gnoll's attack.
You slash the gnoll!
You kill the gnoll!
You block the gnoll's attack.
You hit the gnoll.
The gnoll is lightly wounded.
You block the gnoll's attack. x2
You barely miss the gnoll.
The gnoll is lightly wounded.
A rat comes into view.
You block the gnoll's attack. The gnoll barely misses you.
You barely miss the gnoll.
The gnoll is lightly wounded.
The gnoll hits you with a +0 flail!
* * * LOW HITPOINT WARNING * * *
You block the gnoll's attack.
The gnoll hits you from afar with a +0 halberd!
You die...

###.########≈
#...# #.### ≈
#.# ≈≈ #.# ≈≈≈
#.# ≈≈≈≈ #.#
######≈≈≈≈≈
#.###..88≈≈≈≈≈8
#.@ggg)........
####r..........
##..88≈≈≈≈≈8
###..≈≈≈≈##
#.r≈≈≈≈..
..≈≈≈≈≈..
..≈≈≈≈..#
.≈≈≈≈≈...


You could see 3 gnolls, a quokka and a rat.

Vanquished Creatures
  An adder (D:2)
  4 gnolls (D:2)
  2 bats (D:1)
  A giant cockroach (D:1)
  4 hobgoblins
  2 goblins
  3 kobolds
  A rat (D:2)
18 creatures vanquished.

Notes
Turn   | Place    | Note
-------+----------+-------------------------------------------
     0 | D:1      | jlumianski the Demonspawn Fighter began the quest for the
                  | Orb.
     0 | D:1      | Reached XP level 1. HP: 18/18 MP: 1/1
   364 | D:1      | Gained mutation: A meltable shield of frost defends you.
                  | (SH +4) [demonic ancestry]
   364 | D:1      | Reached XP level 2. HP: 24/24 MP: 2/2
   499 | D:1      | Found a faded altar of an unknown god.
   890 | D:2      | Gained mutation: Your touch may inflict minor irresistible
                  | damage on your foes. [demonic ancestry]
   890 | D:2      | Reached XP level 3. HP: 24/29 MP: 3/3
  1063 | D:2      | Mangled by a gnoll

Illustrated notes

Levels and vault maps discovered:
D:1:      spicycebolla_arrival_transporter_tutorial, layout_loops_ring,
          shapermc_ecumenical_altar_gd
D:2:      wander_river, layout_loops_ring

Skill      XL: |  1  2  3 |
---------------+----------+-----
Shields        | 3 |  3.1
Armour         | 3 |  3.3
Axes           | 2 |  2.2
Fighting       | |  3.6

Action                   || total
-------------------------++-------
Melee: War axe           ||    42
Throw: Stone             ||     1
Armor: Scale mail        ||    17
Dodge: Dodged            ||    20
Block: Buckler           ||    20

Table legend: (Time is in decaauts)
 A = Elapsed time spent in this place.
 B = Non-inter-level travel time spent in this place.
 C = Inter-level travel time spent in this place.
 D = Time resting spent in this place.
 E = Time spent auto-exploring this place.
 F = Levels seen in this place.
 G = Mean time per level.
                   A        B        C        D        E       F      G
               +--------+--------+--------+--------+--------+-----+--------+
         Total |   1087 |   1087 |      0 |      0 |    779 |   2 |  543.5 |
       Dungeon |   1087 |   1087 |      0 |      0 |    779 |   2 |  543.5 |
               +--------+--------+--------+--------+--------+-----+--------+

Top non-repeatable levels by time:
     D:1: 834 daAuts
     D:2: 252 daAuts
